 Dungeon Crawl Stone Soup version 0.17-a0-1558-g9d24de5 (webtiles) character file.

319 GagarinX the Cudgeler (level 6, -10/68 HPs)
             Began as an Ogre Berserker on July 20, 2015.
             Was a Priest of Trog.
             Mangled by an iguana (15 damage)
             ... on level 4 of the Dungeon.
             The game lasted 00:21:06 (3609 turns).

GagarinX the Cudgeler (Ogre Berserker)              Turns: 3609, Time: 00:21:06

Health: -10/68     AC:  4    Str: 25    XL:     6   Next: 46%
Magic:  6/6        EV: 10    Int:  6    God:    Trog [***...]
Gold:   181        SH:  0    Dex:  9    Spells: 0 memorised, 5 levels left

rFire  . . .     SeeInvis .     y - +0 giant spiked club
rCold  . . .     Clarity  .     b - +0 animal skin
rNeg   . . .     SustAt   +     (no shield)
rPois  .         Gourm    .     (helmet restricted)
rElec  .         Spirit   .     t - +0 cloak
rCorr  .         Warding  .     (gloves unavailable)
rMut   .         Stasis   .     (boots unavailable)
MR     .....                    (no amulet)
Stlth  +.........               (no ring)
                                q - ring of sustain attributes

@: not resistant to hostile enchantments, very unstealthy
A: unfitting armour, tough skin 1
a: Burn Spellbooks, Berserk, Trog's Hand, Renounce Religion


You were on level 4 of the Dungeon.
You worshipped Trog.
Trog was most pleased with you.
You were not hungry.

You visited 1 branch of the dungeon, and saw 4 of its levels.

You collected 181 gold pieces.

Inventory:

Hand weapons
 a - a +0 mace
 r - a +0 morningstar
 y - a +0 giant spiked club (weapon)
Armour
 b - a +0 animal skin (worn)
 t - a +0 cloak (worn)
Jewellery
 q - a ring of sustain attributes (left hand)
Scrolls
 d - 10 scrolls of identify
 f - 3 scrolls of teleportation {unknown}
 g - 2 scrolls of random uselessness {unknown}
 l - 2 scrolls of fog {unknown}
 m - a scroll of enchant armour {unknown}
 w - a scroll of recharging {unknown}
Potions
 e - 2 potions of lignification {unknown}
 j - 2 potions of heal wounds {unknown}
 k - a potion of flight {unknown}
 n - a potion of ambrosia {unknown}
 o - 2 potions of degeneration {unknown}
 p - 2 potions of brilliance {unknown}
 u - 2 potions of poison {unknown}
 v - a potion of curing {unknown}
 x - a potion of invisibility {unknown}
Comestibles
 c - 3 bread rations
 h - 2 beef jerkies
 i - 4 meat rations
 s - 2 fruits


   Skills:
 + Level 6.4 Fighting
 * Level 7.4 Maces & Flails
 - Level 2.6 Dodging
 - Level 1.1 Stealth


You had 5 spell levels left.
You didn't know any spells.

Dungeon Overview and Level Annotations

Branches:
Dungeon (4/15)
 Temple: D:4-7

Altars:
Gozag
Qazlal
Trog


Innate Abilities, Weirdness & Mutations

You are too large for most types of armour.
You have tough skin (AC +1).


Message History

The iguana bites you!
You hit the iguana but do no damage.
The iguana is heavily wounded.
The iguana bites you. The iguana bites you!
* * * LOW HITPOINT WARNING * * *
You barely miss the iguana.
The iguana is heavily wounded.
The iguana bites you.
* * * LOW HITPOINT WARNING * * *
You barely miss the iguana.
The iguana is heavily wounded.
The iguana bites you.
* * * LOW HITPOINT WARNING * * *
The iguana bites you!
* * * LOW HITPOINT WARNING * * *
You completely miss the iguana.
The iguana is heavily wounded.
The iguana bites you but does no damage.
The iguana bites you!
You die...

#.# ##.## #...# ... ## ... .
#.#.# #.#####l#.#
#.....<@..# #######)### #.#
#.# #.# #.# #########
#.########## .......# ###
#..........##
##.#.#.###.####.(#######..##


You could see an iguana.

Vanquished Creatures
  An ogre (D:4)
  An orc priest (D:3)
  A worker ant (D:4)
  8 adders
  A shadow imp (D:3)
  2 oozes
  A worm (D:2)
  2 giant geckos (D:4)
  15 orcs
  A giant cockroach (D:3)
  9 goblins
  2 hobgoblins
  9 kobolds
  A ball python (D:2)
  11 bats
  6 giant newts
  4 rats
75 creatures vanquished.

Notes
Turn   | Place    | Note
--------------------------------------------------------------
     0 | D:1      | GagarinX the Ogre Berserker began the quest for the Orb.
     0 | D:1      | Reached XP level 1. HP: 24/24 MP: 1/1
   241 | D:1      | Reached XP level 2. HP: 30/33 MP: 2/2
   790 | D:2      | Acquired Trog's second power
   794 | D:2      | Reached XP level 3. HP: 29/40 MP: 3/3
  1016 | D:2      | Reached skill level 5 in Fighting
  1070 | D:2      | Reached skill level 5 in Maces & Flails
  1378 | D:2      | Reached skill level 1 in Stealth
  1378 | D:2      | Reached XP level 4. HP: 38/50 MP: 4/4
  1681 | D:2      | Found a stormy altar of Qazlal.
  1682 | D:2      | Noticed an earth elemental
  1684 | D:2      | Noticed an air elemental
  1684 | D:2      | Noticed a water elemental
  1684 | D:2      | Noticed a fire elemental
  1998 | D:3      | Found a bloodstained altar of Trog.
  2271 | D:3      | Reached XP level 5. HP: 24/58 MP: 5/5
  2493 | D:3      | Found an opulent altar of Gozag.
  2651 | D:3      | Reached skill level 6 in Maces & Flails
  3293 | D:4      | Noticed an ogre
  3308 | D:4      | Killed an ogre
  3308 | D:4      | Reached skill level 7 in Maces & Flails
  3308 | D:4      | Reached XP level 6. HP: 18/68 MP: 6/6
  3609 | D:4      | Mangled by an iguana

Vault maps used:
D:1:      dpeg_arrival_brainrot
D:2:      nicolae_qazlal_style_of_elements
D:3:      nicolae_overflow_hidden_temple, first_bread,
          nicolae_gozag_seed_capital
D:4:      gammafunk_temple_overflow_claw, minmay_temple_entry_crystal_x,
          nemelex_xobeh_ov_fountains_minmay

Action                   |  1- 3 |  4- 6 || total
-------------------------+-------+-------++-------
Melee: Mace              |    80 |    32 ||   112
       Morningstar       |       |    81 ||    81
       Giant spiked club |       |    21 ||    21
Invok: Trog's Hand       |       |     1 ||     1
  Use: Scroll            |       |     1 ||     1
 Stab: Sleeping          |       |     1 ||     1
  Eat: Chunk             |     1 |     8 ||     9
